 Dungeon Crawl Stone Soup version 0.26-a0-1132-ge9770dfcb6 (webtiles) character file.

Game seed: 14343403657276934487

82572 dolemite99 the Grappler (level 15, 0/189 HPs)
             Began as a Troll Chaos Knight on Dec 19, 2020.
             Was a Plaything of Xom.
             Slain by a demonic crawler (3 damage)
             ... on level 1 of the Spider Nest.
             The game lasted 00:47:58 (28442 turns).

dolemite99 the Grappler (Troll Chaos Knight)       Turns: 28442, Time: 00:47:58

Health: 0/189      AC: 17    Str: 30    XL:     15   Next: 29%
Magic:  15/15      EV: 10    Int:  9    God:    Xom [*.....]
Gold:   683        SH:  0    Dex:  8    Spells: 11/14 levels left

rFire    + . .     SeeInvis +     - Unarmed
rCold    + . .     Faith    .   v - +5 tower shield "Uros" {rElec rN+ Dex-3 SInv}
rNeg     + . .     Spirit   .   A - +0 acid dragon scales
rPois    +         Reflect  +   (helmet unavailable)
rElec    +         Harm     .   b - scarf {repulsion}
rCorr    +         Rampage  .   (gloves unavailable)
Will     ++...                  (boots unavailable)
Stlth    ..........             N - amulet of reflection
HPRegen  1.21/turn              K - +4 ring of protection {=R}
MPRegen  0.14/turn              X - ring of see invisible

@: confused, mighty, resistant, hasted, repel missiles, very quick
A: large, unfitting armour, claws 3, hooves 3, horns 3, rugged brown scales 1,
slimy green scales 1, agile 1, blurry vision 1, high mp 1, strong-willed 1,
mutation resistance 1, poison resistance, regeneration 2, robust 2, shaggy fur
1, strong 1, tough skin 3
a: Renounce Religion


You were on level 1 of the Spider Nest.
You worshipped Xom.
You were a special plaything of Xom.
You visited 4 branches of the dungeon, and saw 24 of its levels.

You collected 2143 gold pieces.
You spent 1460 gold pieces at shops.

Inventory:

Hand Weapons
 a - a +7 fustibalus
Missiles
 h - 699 stones
 l - 68 poisoned darts
 r - a throwing net
 D - 21 boomerangs
 L - 15 sling bullets
 P - 18 javelins
 U - 21 large rocks (quivered)
Armour
 b - a scarf of repulsion (worn)
 v - the +5 tower shield "Uros" (worn) {rElec rN+ Dex-3 SInv}
   (You acquired it on level 14 of the Dungeon)

   It affects your dexterity (-3).
   It insulates you from electricity.
   It protects you from negative energy.
   It lets you see invisible.
 A - +0 acid dragon scales (worn)
Magical Staves
 O - an uncursed staff of fire
 Y - an uncursed staff of cold
Jewellery
 f - an uncursed ring of poison resistance
 n - an uncursed ring of resist corrosion
 o - an uncursed ring of positive energy
 y - an uncursed ring of wizardry
 K - a +4 ring of protection (left claw) {=R}
 M - an uncursed amulet of the acrobat
 N - an amulet of reflection (around neck)
 Q - a +6 ring of intelligence
 X - a ring of see invisible (right claw)
Wands
 j - a wand of random effects (92)
 k - a wand of flame (7)
 s - a wand of digging (8)
 z - a wand of polymorph (23)
 B - a wand of disintegration (26)
 I - a wand of enslavement (13)
 J - a wand of paralysis (10)
Scrolls
 d - 3 scrolls of amnesia
 g - 11 scrolls of teleportation
 i - 7 scrolls of blinking
 p - 5 scrolls of remove curse {@r2}
 q - 3 scrolls of fear
 t - 5 scrolls of fog
 H - 3 scrolls of identify {@r1}
Potions
 c - 2 potions of attraction
 e - 3 potions of mutation
 m - a potion of magic
 w - 3 potions of ambrosia
 x - 4 potions of flight
 F - 2 potions of cancellation
 T - 3 potions of brilliance
 W - a potion of lignification
Miscellaneous
 S - a phial of floods (inert)


   Skills:
 - Level 11.4 Fighting
 - Level 7.1(8.6) Slings
 - Level 10.0(11.4) Throwing
 - Level 7.6 Dodging
 + Level 10.8 Shields
 - Level 11.8 Unarmed Combat
 - Level 2.9 Evocations


You had 11 spell levels left.
You knew the following spells:

 Your Spells              Type           Power        Failure   Level
a - Beastly Appendage     Tmut           0%           75%         1
b - Wereblood             Tmut           0%           87%         2

Your spell library contained the following spells:

 Spells                   Type           Power        Failure   Level
 Animate Skeleton         Necr           0%           75%         1
 Corona                   Hex            0%           75%         1
 Pain                     Necr           0%           75%         1
 Summon Small Mammal      Summ           0%           75%         1
 Call Imp                 Summ           0%           87%         2
 Corpse Rot               Necr/Air       N/A          87%         2
 Ensorcelled Hibernation  Hex/Ice        0%           87%         2
 Call Canine Familiar     Summ           0%           98%         3
 Confusing Touch          Hex            0%           98%         3
 Dazzling Flash           Conj/Hex       0%           98%         3
 Gell's Gravitas          Tloc           0%           98%         3
 Inner Flame              Hex/Fire       0%           98%         3
 Spider Form              Tmut/Pois      0%           98%         3
 Stone Arrow              Conj/Erth      0%           98%         3
 Summon Guardian Golem    Hex/Summ       0%           98%         3
 Tukima's Dance           Hex            0%           98%         3
 Vampiric Draining        Necr           0%           98%         3
 Animate Dead             Necr           0%           100%        4
 Ice Form                 Ice/Tmut       0%           100%        4
 Petrify                  Tmut/Erth      0%           100%        4
 Summon Ice Beast         Ice/Summ       0%           100%        4
 Summon Lightning Spire   Summ/Air       0%           100%        4
 Agony                    Necr           0%           100%        5
 Blade Hands              Tmut           0%           100%        5
 Bolt of Magma            Conj/Fire/Erth 0%           100%        5
 Iskenderun's Battlesphe  Conj           0%           100%        5
 Metabolic Englaciation   Hex/Ice        0%           100%        5
 Summon Forest            Summ/Tloc      0%           100%        5
 Yara's Violent Unravell  Hex/Tmut       0%           100%        5
 Eringya's Noxious Bog    Tmut/Pois      0%           100%        6
 Hydra Form               Tmut           0%           100%        6
 Iron Shot                Conj/Erth      0%           100%        6
 Shadow Creatures         Summ           N/A          100%        6
 Malign Gateway           Summ/Tloc      0%           100%        7
 Orb of Destruction       Conj           0%           100%        7
 Spellforged Servitor     Conj/Summ      0%           100%        7
 Summon Hydra             Summ           0%           100%        7


Dungeon Overview and Level Annotations

Branches:
Dungeon (15/15)            Temple (0/1) D:7            Lair (6/6) D:9
  Swamp (0/4) Lair:3       Spider (1/4) Lair:4          Orc (2/2) D:12
    Elf (0/3) Orc:2        Vaults (0/5) D:13         Depths (0/5) D:15
  Slime: Lair:5-6

Altars:
Fedhas
Nemelex Xobeh
Ru
Sif Muna
Uskayaw
Vehumet
Xom
Beogh

Shops:
D:6 ?   D:14 *   Orc:2 :=?(

Annotations:
D:9 1 runed translucent door
D:10 3 runed translucent doors
D:11 2 runed translucent doors, Lobster4's ghost, journeyman HaHu
Lair:4 3 runed translucent doors, gressup's ghost, journeyman PaBe


Innate Abilities, Weirdness & Mutations

You are too large for most types of armour.
You have claws for hands.
You heal very quickly.
You are covered in fur. (AC +1)
You have extremely tough skin. (AC +3)
You have hooves in place of feet.
You have a pair of large horns on your head.
You are partially covered in rugged brown scales. (AC +1, +3% HP)
You are partially covered in slimy green scales. (AC +2)
You are agile. (Dex +2)
Scrolls take you a little longer to read.
You have an increased reservoir of magic. (+10% MP)
You are strong-willed. (Will+)
You are somewhat resistant to further mutation.
Your system is resistant to poisons. (rPois)
You are very robust. (+20% HP)
Your muscles are strong. (Str +2)


Message History

The demonic crawler is heavily wounded.
Xom's power touches on your mind for a moment.
You are confused.
The demonic crawler closely misses you. x2
The demonic crawler hits you but does no damage.
The hornet stings you!
* * * LOW HITPOINT WARNING * * *
You feel yourself slow down.
You hear an angry hiss.
You claw the demonic crawler! You kick the demonic crawler.
You headbutt the demonic crawler.
The demonic crawler is almost dead.
You feel yourself speed up.
The jumping spider leaps!
The wolf spider hits you but does no damage.
The wolf spider closely misses you. The hornet stings you.
* * * LOW HITPOINT WARNING * * *
The demonic crawler hits you.
You die...
Xom thinks this is hilarious!

......##....#...#.....#..#...###
##^.($(.#^..#..#....##..#....#
#.....((...^....#....##......#
#.......(........#...#*#^#..#.^#
#......$#s..##...#,*, ,#####.###
.....##...#(.#$#.##.. * ##
...#...#..#^.s....... ,*
..#..#^...#.ss#######**** ....
.##..##..sy@ss.#,,,* ##
......ss##s°.!.:#***
#..##...s.ss...... *
...,###....s...#.. ,**,
#.#..##### .^, , ^,,,.#....,,
*,, ,,..,#.#..,,,**,, *
,*#.,*...#.,,,,, , *, , ,, , *
,* *


You could see a demonic crawler, 3 wolf spiders, an orb spider, a hornet, a
jumping spider, 2 tarantellas and 2 redbacks.

Vanquished Creatures
  An emperor scorpion (Spider:1)
  An entropy weaver (Spider:1)
  A fire dragon (Lair:5)
  Erolcha (Orc:2)
  4 boulder beetles
  3 hydras
  4 centaur warriors
  3 tengu warriors
  3 two-headed ogres
  A vampire mage (D:15)
  6 orc high priests (Orc:2)
  Urug (Lair:4)
  2 skeletal warriors (D:15)
  An unseen horror (shapeshifter) (D:15)
  An unseen horror (D:15)
  A lindwurm (D:13)
  7 orc knights
  A bog body (Lair:3)
  A harpy (Lair:4)
  A fire giant zombie (D:15)
  A deep elf mage (D:15)
  2 orb spiders (Spider:1)
  5 wolf spiders (Spider:1)
  2 necromancers
  5 ugly things
  5 manticores
  A moth of wrath (Spider:1)
  5 cyclopes
  A cyclops (shapeshifter) (D:13)
  Maurice (D:8)
  An orc sorcerer (Orc:1)
  6 elephants (Lair:5)
  4 black mambas
  6 cane toads
  A torpor snail (Spider:1)
  2 yaktaur zombies (D:15)
  8 komodo dragons
  3 gargoyles
  An efreet (D:14)
  3 demonic crawlers (Spider:1)
  A redback zombie (D:14)
  A rime drake (Lair:4)
  A tengu conjurer (D:14)
  A troll (shapeshifter) (D:14)
  A queen bee (D:10)
  3 jumping spiders (Spider:1)
  2 polar bears (Lair:3)
  5 trolls
  A blink frog (Lair:5)
  Grinder (D:3)
  A dream sheep (shapeshifter) (Lair:4)
  12 slime creatures
  An ice dragon zombie (D:15)
  2 hornets
  5 dream sheep (Lair:4)
  6 redbacks (Spider:1)
  A shadow (D:10)
  3 vampires
  20 yaks
  2 tarantellas (Spider:1)
  4 wyverns
  Eustachio (D:5)
  A fire bat (shapeshifter) (D:15)
  A golden eye (shapeshifter) (D:9)
  3 wraiths
  6 vampire mosquitoes (D:14)
  4 basilisks
  A steam dragon (D:11)
  4 swamp worms (Lair:3)
  3 wargs
  An acid dragon (D:15)
  14 water moccasins
  2 eyes of draining (shapeshifter)
  43 orc warriors
  3 phantoms
  7 black bears
  6 sky beasts
  4 ice beasts
  7 ogres
  3 eyes of draining
  6 wolves (Lair:2)
  11 centaurs
  2 lemures (D:8)
  A wyvern zombie (D:13)
  5 big kobolds
  16 bullfrogs
  A water moccasin zombie (D:9)
  An earth elemental (D:14)
  2 wyvern skeletons
  4 scorpions
  47 killer bees
  12 wights
  4 howler monkeys
  2 electric eels
  A bullfrog zombie (D:7)
  A hound (D:6)
  3 quasits
  5 jellies
  4 centaur skeletons
  A gnoll shaman (D:8)
  29 orc priests
  31 orc wizards
  2 bullfrog skeletons
  4 iguanas
  10 worker ants
  3 hound zombies
  3 hound skeletons (D:4)
  3 worker ant zombies
  Robin (D:4)
  8 adders
  7 gnolls
  A howler monkey skeleton (D:9)
  3 shadow imps
  9 white imps
  5 adder zombies
  2 adder skeletons
  3 worms
  A dart slug (D:1)
  3 leopard geckos
  100 orcs
  3 ball pythons
  3 giant cockroaches
  16 goblins
  8 hobgoblins
  22 jackals
  3 quokkas
  5 bats
  4 frilled lizards
  A jackal skeleton (D:4)
  30 kobolds
  3 leopard gecko zombies
  2 quokka skeletons (D:4)
  A quokka zombie (D:4)
  7 rats
760 creatures vanquished.

Vanquished Creatures (collateral kills)
  Pikel (D:8)
  A centaur skeleton (D:10)
  Maggie (D:8)
  A komodo dragon (Lair:2)
  A polar bear (Lair:1)
  5 orc warriors
  A black bear (D:9)
  A bullfrog (D:9)
  A hound (D:9)
  2 orc priests (Orc:2)
  12 orcs
  2 goblins (D:4)
  A hobgoblin (D:4)
  2 jackals (D:9)
32 creatures vanquished.

Vanquished Creatures (others)
  A centaur (D:7)
  A bullfrog (D:7)
  7 white imps
  A ball python (D:7)
  A jackal (D:7)
  76 fungi
  80 plants
  8 withered plants
175 creatures vanquished.

Grand Total: 967 creatures vanquished

Notes
Turn   | Place    | Note
-------+----------+-------------------------------------------
     0 | D:1      | dolemite99 the Troll Chaos Knight began the quest for the
                  | Orb.
     0 | D:1      | Reached XP level 1. HP: 22/22 MP: 0/0
   155 | D:1      | XOM: silly message
   156 | D:1      | Reached XP level 2. HP: 29/29 MP: 1/1
   280 | D:1      | XOM: silly message
   508 | D:1      | XOM: silly message
   629 | D:1      | Reached XP level 3. HP: 36/36 MP: 2/2
   632 | D:1      | XOM: silly message
   730 | D:1      | XOM: silly message
   809 | D:2      | XOM: divination: magic mapping
  1148 | D:2      | XOM: silly message
  1320 | D:2      | Reached XP level 4. HP: 42/45 MP: 3/3
  1506 | D:2      | XOM is BORED!
  1506 | D:2      | XOM: noise
  1740 | D:3      | XOM: smoke on damage
  1978 | D:3      | XOM: noise
  1985 | D:3      | Found a blossoming altar of Fedhas.
  2089 | D:3      | Noticed Grinder
  2141 | D:3      | Killed Grinder
  2142 | D:3      | Reached XP level 5. HP: 28/54 MP: 4/4
  2142 | D:3      | Reached XP level 6. HP: 32/62 MP: 5/5
  2576 | D:3      | XOM: silly message
  2596 | D:4      | XOM: enchant monster (bad)
  2598 | D:4      | Reached skill level 5 in Unarmed Combat
  2748 | D:4      | Reached XP level 7. HP: 69/70 MP: 6/6
  2922 | D:4      | Noticed Robin
  2927 | D:4      | XOM: enchant monster (good)
  2941 | D:4      | Killed Robin
  3246 | D:4      | XOM is BORED!
  3246 | D:4      | XOM: noise
  3468 | D:5      | Entered Level 5 of the Dungeon
  3509 | D:5      | Noticed Eustachio
  3531 | D:5      | XOM: silly message
  3537 | D:5      | XOM: noise
  3546 | D:5      | Killed Eustachio
  3667 | D:5      | XOM is BORED!
  3667 | D:5      | XOM: silly message
  3700 | D:5      | Found a sparkling altar of Nemelex Xobeh.
  3770 | D:5      | Reached skill level 5 in Fighting
  4200 | D:6      | XOM: divination: detect items
  4204 | D:6      | Reached XP level 8. HP: 79/80 MP: 7/7
  4206 | D:6      | XOM: divination: magic mapping
  4290 | D:6      | XOM: silly message
  4293 | D:6      | XOM: potion effect (curing)
  4303 | D:5      | Reached skill level 5 in Dodging
  5007 | D:6      | Found a shimmering blue altar of Sif Muna.
  5264 | D:6      | XOM: divination: magic mapping
  5344 | D:6      | XOM is BORED!
  5344 | D:6      | XOM: noise
  5359 | D:6      | XOM: divination: detect creatures
  5562 | D:6      | XOM: noise
  5572 | D:6      | XOM: silly message
  5620 | D:6      | XOM: give mutations
  5620 | D:6      | Gained mutation: You are frail. (-10% HP) [Xom's mischief]
  5620 | D:6      | Gained mutation: Scrolls take you a little longer to read.
                  | [Xom's mischief]
  5620 | D:6      | Gained mutation: You are weak. (Str -2) [Xom's mischief]
  5626 | D:6      | Found Qoamimue's Magic Scroll Shop.
  5654 | D:6      | Bought a scroll of fog for 22 gold pieces
  5654 | D:6      | Bought a scroll of teleportation for 33 gold pieces
  5654 | D:6      | Bought a scroll of blinking for 82 gold pieces
  5654 | D:6      | Bought a scroll of identify for 22 gold pieces
  5654 | D:6      | Bought a scroll of identify for 22 gold pieces
  5654 | D:6      | Bought a scroll of identify for 22 gold pieces
  5749 | D:7      | XOM: confuse monster(s)
  5894 | D:7      | XOM: fog
  5902 | D:7      | XOM: potion effect (brilliance)
  5906 | D:7      | Reached XP level 9. HP: 73/80 MP: 8/8
  5930 | D:7      | Found a shimmering altar of Xom.
  5940 | D:7      | Found a staircase to the Ecumenical Temple.
  5950 | D:7      | XOM: give mutations
  5950 | D:7      | Gained mutation: Scrolls take you longer to read. [Xom's
                  | mischief]
  5950 | D:7      | Gained mutation: You are very weak. (Str -4) [Xom's
                  | mischief]
  5952 | D:7      | XOM: swap monsters
  5997 | D:7      | Found a hide-covered altar of Uskayaw.
  6068 | D:7      | XOM: confusion
  6071 | D:7      | XOM: noise
  6088 | D:7      | XOM: 1-stop teleportation journey
  6250 | D:7      | XOM: silly message
  6295 | D:7      | XOM: blink monster(s)
  6564 | D:7      | XOM: noise
  6784 | D:8      | XOM: 1-stop teleportation journey
  6817 | D:8      | Noticed a gargoyle
  6849 | D:8      | Killed a gargoyle
  7199 | D:8      | Found a radiant altar of Vehumet.
  7246 | D:8      | XOM: noise
  7248 | D:8      | Noticed Pikel
  7265 | D:8      | XOM: enchant monster (bad)
  7267 | D:8      | XOM: enchant monster (bad)
  7281 | D:8      | XOM: cleaving
  7380 | D:8      | Killed Pikel
  7530 | D:8      | XOM: divination: detect creatures
  7541 | D:8      | Noticed a red ugly thing
  7551 | D:8      | Killed a red ugly thing
  7552 | D:8      | Reached XP level 10. HP: 91/91 MP: 9/9
  7850 | D:8      | Noticed Maggie
  7852 | D:8      | XOM: potion effect (brilliance)
  7855 | D:8      | XOM: summons 3 friendly demons
  7865 | D:8      | Killed Maggie
  8116 | D:8      | Noticed a two-headed ogre
  8123 | D:8      | Killed a two-headed ogre
  8131 | D:8      | XOM: smoke on damage
  8218 | D:8      | XOM: silly message
  8458 | D:8      | Noticed Maurice
  8470 | D:8      | XOM: swap monsters
  8479 | D:8      | Killed Maurice
  8480 | D:8      | Reached skill level 10 in Unarmed Combat
  8941 | D:9      | XOM: 4-stop teleportation journey
  8942 | D:9      | XOM: summons 2 friendly demons
  9009 | D:9      | Found a runed translucent door.
  9011 | D:9      | Noticed a sixfirhy
  9173 | D:9      | XOM is BORED!
  9193 | D:9      | Found a sacrificial altar of Ru.
  9269 | D:9      | XOM: confuse monster(s)
  9292 | D:9      | XOM: polymorph black bear -> shapeshifter
  9318 | D:9      | XOM: cast spell 'Call Canine Familiar'
  9465 | D:9      | XOM: confuse monster(s)
  9478 | D:9      | Found a staircase to the Lair.
  9528 | D:9      | XOM: summons friendly shadow imp
  9865 | D:9      | Reached XP level 11. HP: 99/99 MP: 10/10
  9886 | D:9      | XOM: divination: detect items
 10059 | D:10     | Entered Level 10 of the Dungeon
 10119 | D:10     | XOM: noise
 10635 | D:10     | XOM: smoke on damage
 10658 | D:10     | XOM: divination: magic mapping
 10662 | D:10     | XOM: summons 2 friendly demons
 10681 | D:10     | XOM: cleaving
 11579 | D:10     | XOM: scenery: summon butterflies
 11846 | D:10     | Reached skill level 10 in Fighting
 12004 | D:10     | XOM: 1-stop teleportation journey
 12025 | D:10     | XOM: give mutations
 12025 | D:10     | Gained mutation: You occasionally shout uncontrollably at
                  | your foes. [Xom's mischief]
 12025 | D:10     | Lost mutation: You are frail. (-10% HP) [Xom's mischief]
 12025 | D:10     | Gained mutation: You are dopey. (Int -2) [Xom's mischief]
 12063 | D:10     | Found a runed translucent gate.
 12073 | D:10     | Noticed a red ugly thing
 12073 | D:10     | Noticed a cyan ugly thing
 12074 | D:10     | Found a runed translucent gate.
 12074 | D:10     | Noticed a purple ugly thing
 12074 | D:10     | Noticed a glowing orange brain
 12075 | D:10     | Found a runed translucent gate.
 12075 | D:10     | Noticed a brown ugly thing
 12075 | D:10     | Noticed a cyan ugly thing
 12075 | D:10     | Noticed a brown very ugly thing
 12142 | D:11     | XOM: polymorph orc -> centaur
 12201 | D:10     | XOM: summons 4 hostile shadow creatures
 12387 | Lair:1   | Entered Level 1 of the Lair of Beasts
 12388 | Lair:1   | XOM: cast spell 'Summon Hydra'
 12414 | Lair:1   | XOM: destruction
 12585 | D:9      | XOM: scenery: create altars
 12591 | Lair:1   | XOM: divination: detect creatures
 12685 | Lair:1   | XOM: 3-stop teleportation journey
 12725 | Lair:1   | XOM: fake destruction
 12759 | Lair:1   | XOM: enchant monster (good)
 13396 | Lair:1   | XOM: polymorph water moccasin -> bullfrog
 13455 | Lair:1   | XOM: give mutation
 13455 | Lair:1   | Gained mutation: You heal very quickly. [Xom's grace]
 13634 | Lair:1   | XOM: give mutations
 13634 | Lair:1   | Gained mutation: You are robust. (+10% HP) [Xom's grace]
 13634 | Lair:1   | Gained mutation: You have a pair of small horns on your
                  | head. [Xom's grace]
 13634 | Lair:1   | Gained mutation: You have a pair of horns on your head.
                  | [Xom's grace]
 13696 | Lair:1   | XOM: cloud trail
 13819 | Lair:1   | XOM: give mutations
 13819 | Lair:1   | Lost mutation: You are very weak. (Str -4) [Xom's grace]
 13819 | Lair:1   | Gained mutation: Your flesh is heat resistant. (rF+) [Xom's
                  | grace]
 13819 | Lair:1   | Gained mutation: You have large cloven feet. [Xom's grace]
 13847 | Lair:1   | XOM: cloud trail
 14094 | Lair:1   | XOM: cloud trail
 14097 | Lair:1   | Upgraded the game from 0.26-a0-1129-gc5df7fbe6a to
                  | 0.26-a0-1132-ge9770dfcb6
 14154 | Lair:2   | XOM: polymorph cane toad -> meliai
 14194 | Lair:2   | XOM: summons 6 friendly demons
 14276 | Lair:2   | XOM: god gift: wand of random effects (11)
 14298 | Lair:2   | Reached XP level 12. HP: 101/143 MP: 11/11
 14578 | Lair:2   | XOM: noise
 14597 | Lair:2   | XOM: scenery: create altars
 14840 | Lair:2   | Reached skill level 1 in Throwing
 14840 | Lair:2   | Reached skill level 1 in Shields
 14857 | Lair:2   | XOM: 2-stop teleportation journey
 15048 | Lair:2   | XOM: give mutations
 15048 | Lair:2   | Gained mutation: You have a pair of large horns on your
                  | head. [Xom's grace]
 15048 | Lair:2   | Gained mutation: You are partially covered in molten
                  | scales. (AC +2) [Xom's grace]
 15048 | Lair:2   | Gained mutation: You are strong-willed. (Will+) [Xom's
                  | grace]
 15282 | Lair:2   | XOM: 3-stop teleportation journey
 15473 | Lair:2   | XOM: god gift: 21 stones
 15502 | Lair:3   | XOM: stealth player
 15595 | Lair:3   | XOM: 1-stop teleportation journey
 15634 | Lair:3   | Noticed a four-headed hydra
 15645 | Lair:3   | Killed a four-headed hydra
 15719 | Lair:3   | XOM: scenery: 2 fountains blood, 1 doors open
 15872 | Lair:3   | XOM: scenery: create altars
 16004 | Lair:3   | XOM: enchant monster (bad)
 16155 | Lair:3   | XOM: destruction
 16308 | Lair:3   | XOM: give mutation
 16308 | Lair:3   | Lost mutation: You are dopey. (Int -2) [Xom's mischief]
 16395 | Lair:3   | Found a staircase to the Swamp.
 16395 | Lair:3   | XOM: noise
 16473 | Lair:4   | Noticed a four-headed hydra
 16478 | Lair:4   | Killed a four-headed hydra
 16479 | Lair:4   | Reached skill level 5 in Throwing
 16495 | Lair:4   | Noticed Urug
 16497 | Lair:4   | Found a hole to the Spider Nest.
 16503 | Lair:4   | XOM: cleaving
 16509 | Lair:4   | Killed Urug
 16554 | Lair:4   | XOM: summons 6 hostile demons
 16638 | Lair:4   | Reached skill level 5 in Shields
 16669 | Lair:4   | XOM: polymorph polar bear -> glowing shapeshifter
 16673 | Lair:4   | XOM: summons 4 friendly demons
 16708 | Lair:4   | Noticed Nessos
 16726 | Lair:4   | Reached skill level 1 in Evocations
 16859 | Lair:4   | Noticed an eight-headed hydra
 16860 | Lair:4   | Noticed gressup's ghost (journeyman PaBe)
 16874 | Lair:4   | Found a runed translucent gate.
 16874 | Lair:4   | Found a runed translucent gate.
 16883 | Lair:4   | Found a runed translucent gate.
 16945 | Lair:4   | XOM: give mutation
 16945 | Lair:4   | Lost mutation: You occasionally shout uncontrollably at
                  | your foes. [Xom's mischief]
 16954 | Lair:4   | XOM: give mutation
 16954 | Lair:4   | Lost mutation: Your flesh is heat resistant. (rF+) [Xom's
                  | mischief]
 17111 | Lair:4   | XOM: noise
 17210 | Lair:4   | XOM: enchant monster (bad)
 17212 | Lair:4   | XOM: enchant monster (good)
 17232 | Lair:4   | Noticed Nessos
 17232 | Lair:4   | Nessos changed into Nessos the harpy
 17239 | Lair:4   | Killed Nessos the harpy
 17393 | Lair:4   | XOM: scenery: summon butterflies
 17605 | Lair:4   | XOM: divination: magic mapping
 17637 | Lair:4   | XOM: give mutations
 17637 | Lair:4   | Gained mutation: Your system is resistant to poisons.
                  | (rPois) [Xom's grace]
 17637 | Lair:4   | Gained mutation: You are partially covered in rugged brown
                  | scales. (AC +1, +3% HP) [Xom's grace]
 17637 | Lair:4   | Gained mutation: You are partially covered in yellow
                  | scales. (AC +2) [Xom's grace]
 17637 | Lair:4   | Gained mutation: You have an increased reservoir of magic.
                  | (+10% MP) [Xom's grace]
 17798 | Lair:5   | XOM: snakes to sticks
 17798 | Lair:5   | Noticed a four-headed hydra
 17805 | Lair:5   | XOM: summons friendly iron imp
 17816 | Lair:5   | XOM: smoke on damage
 17819 | Lair:4   | XOM: god gift: 5 javelins
 18192 | Lair:5   | XOM: confuse monster(s)
 18203 | Lair:5   | Noticed a fire dragon
 18203 | Lair:5   | a four-headed hydra changed into a fire dragon
 18203 | Lair:5   | XOM: polymorph four-headed hydra -> fire dragon
 18207 | Lair:5   | Killed a fire dragon
 18208 | Lair:5   | Reached XP level 13. HP: 98/154 MP: 13/13
 18325 | Lair:5   | Identified the Guide on Burning Summoning
 18344 | Lair:5   | XOM: confuse monster(s)
 18368 | Lair:5   | XOM: cleaving
 18370 | Lair:5   | XOM: summons 3 hostile shadow creatures
 18378 | Lair:5   | XOM: confusion
 18643 | Lair:5   | XOM: draining
 18817 | Lair:6   | Entered Level 6 of the Lair of Beasts
 18823 | Lair:6   | XOM: enchant monster (good)
 18849 | Lair:6   | XOM: summons 2 hostile demons
 18924 | Lair:5   | XOM is BORED!
 18924 | Lair:5   | XOM: give mutation
 18924 | Lair:5   | Lost mutation: Scrolls take you longer to read. [Xom's
                  | mischief]
 18968 | Lair:3   | XOM: god gift: phial of floods
 19137 | D:11     | Noticed a lich
 19138 | D:11     | Noticed an ettin
 19287 | D:11     | XOM: noise
 19299 | D:11     | XOM: stat loss: -1 Str (24/25)
 19469 | D:11     | XOM: give mutations
 19469 | D:11     | Lost mutation: You are partially covered in yellow scales.
                  | (AC +2) [Xom's mischief]
 19469 | D:11     | Lost mutation: You are weak. (Str -2) [Xom's mischief]
 19469 | D:11     | Gained mutation: You occasionally shout uncontrollably at
                  | your foes. [Xom's mischief]
 19487 | D:11     | XOM: swap monsters
 19707 | D:11     | Found a runed translucent door.
 19709 | D:11     | Noticed Lobster4's ghost (journeyman HaHu)
 19713 | D:11     | Found a runed translucent door.
 19719 | D:11     | XOM: torment (78/153 hp)
 19923 | D:11     | XOM: stat loss: -1 Dex (8/9)
 20066 | D:11     | Learned a level 1 spell: Beastly Appendage
 20069 | D:11     | Learned a level 2 spell: Wereblood
 20096 | D:12     | XOM: cleaving
 20191 | D:12     | XOM: cast spell 'Call Canine Familiar'
 20344 | D:12     | XOM: summons friendly shadow imp
 20397 | D:12     | XOM: give mutations
 20397 | D:12     | Gained mutation: You expend magic power (3 MP) to
                  | strengthen your wands. [Xom's grace]
 20397 | D:12     | Gained mutation: You are agile. (Dex +2) [Xom's grace]
 20397 | D:12     | Gained mutation: You have hoof-like feet. [Xom's grace]
 20436 | D:12     | XOM: summons friendly iron imp
 20878 | D:12     | XOM: give mutation
 20878 | D:12     | Gained mutation: Your mind is acute. (Int +2) [Xom's grace]
 20947 | D:12     | XOM: give mutations
 20947 | D:12     | Gained mutation: You are very robust. (+20% HP) [Xom's
                  | grace]
 20947 | D:12     | Gained mutation: Your muscles are strong. (Str +2) [Xom's
                  | grace]
 21056 | D:12     | Found a staircase to the Orcish Mines.
 21272 | Orc:1    | Entered Level 1 of the Orcish Mines
 21409 | Orc:1    | XOM: summons 2 friendly demons
 21620 | Orc:2    | Entered Level 2 of the Orcish Mines
 21620 | Orc:2    | Noticed Erolcha
 21627 | Orc:2    | Killed Erolcha
 21641 | Orc:1    | XOM: god gift: 28 gold pieces
 21845 | Orc:2    | XOM: divination: magic mapping
 21846 | Orc:2    | XOM: repel stairs
 21848 | Orc:2    | Lost mutation: You occasionally shout uncontrollably at
                  | your foes. [a neqoxec]
 21849 | Orc:2    | XOM: polymorph soul eater -> smoke demon
 21870 | Orc:2    | XOM is BORED!
 21870 | Orc:2    | XOM: polymorph orc knight -> manticore
 22185 | Orc:1    | XOM: 1-stop teleportation journey
 22234 | Orc:1    | XOM: summons friendly white imp
 22252 | Orc:1    | XOM: 3-stop teleportation journey
 22309 | Orc:1    | XOM: potion effect (haste)
 22437 | Orc:1    | XOM: give mutations
 22437 | Orc:1    | Gained mutation: You are somewhat resistant to further
                  | mutation. [Xom's grace]
 22437 | Orc:1    | Gained mutation: You are partially covered in slimy green
                  | scales. (AC +2) [Xom's grace]
 22437 | Orc:1    | Gained mutation: You have hooves in place of feet. [Xom's
                  | grace]
 22491 | Orc:2    | XOM: cast spell 'Summon Ice Beast'
 22689 | Orc:2    | XOM: summons friendly iron imp
 22691 | Orc:2    | XOM: destruction
 22878 | Orc:2    | XOM: scenery: summon butterflies
 22940 | Orc:2    | Found a staircase to the Elven Halls.
 23015 | Orc:2    | XOM: 1-stop teleportation journey
 23180 | Orc:2    | XOM: silly message
 23252 | Orc:2    | XOM: scenery: create altars
 23262 | Orc:2    | XOM: polymorph orc knight -> cyclops
 23320 | Orc:2    | XOM: god gift: 25 arrows
 23415 | Orc:2    | XOM: summons friendly ufetubus
 23511 | Orc:2    | XOM: cast spell 'Olgreb's Toxic Radiance'
 23540 | Orc:2    | Reached XP level 14. HP: 127/179 MP: 14/14
 23620 | Orc:2    | XOM is BORED!
 23620 | Orc:2    | XOM: noise
 23728 | Orc:2    | XOM: potion effect (might)
 23797 | Orc:2    | Found Nauc's Book Boutique.
 23800 | Orc:2    | Found Ihaebbith's Magic Scroll Shop.
 23801 | Orc:2    | Found Teahios's Weapon Boutique.
 23802 | Orc:2    | Found Gofythral's Jewellery Boutique.
 23811 | Orc:2    | Bought a book of Necromancy for 450 gold pieces
 23813 | Orc:2    | Bought an uncursed ring of ice for 375 gold pieces
 23815 | Orc:2    | Bought a scroll of blinking for 112 gold pieces
 23815 | Orc:2    | Bought a scroll of fear for 52 gold pieces
 23815 | Orc:2    | Bought a scroll of teleportation for 45 gold pieces
 23815 | Orc:2    | Bought a scroll of fog for 30 gold pieces
 23815 | Orc:2    | Bought a scroll of teleportation for 45 gold pieces
 23815 | Orc:2    | Bought a scroll of identify for 30 gold pieces
 23815 | Orc:2    | Bought a scroll of identify for 30 gold pieces
 23815 | Orc:2    | Bought a scroll of identify for 30 gold pieces
 23866 | Orc:2    | XOM: 1-stop teleportation journey
 23973 | Orc:2    | Found a roughly hewn altar of Beogh.
 24357 | D:13     | Found a gate to the Vaults.
 24398 | D:13     | XOM: god gift: 32 gold pieces
 24462 | D:13     | Reached skill level 10 in Throwing
 24504 | D:13     | XOM: divination: detect creatures
 24520 | D:13     | XOM: noise
 24530 | D:13     | Reached skill level 1 in Slings
 24582 | D:13     | XOM is BORED!
 24582 | D:13     | XOM: 2-stop teleportation journey
 24718 | D:13     | XOM: summons 2 hostile demons
 24920 | D:13     | XOM: torment (77/179 hp)
 24932 | D:13     | XOM: enchant monster (good)
 25043 | D:13     | XOM: scenery: summon butterflies
 25152 | D:13     | XOM: blink monster(s)
 25225 | D:13     | XOM: silly message
 25244 | D:13     | You fall into a shaft and drop 2 floors!
 25244 | D:15     | Entered Level 15 of the Dungeon
 25244 | D:15     | Found a staircase to the Depths.
 25246 | D:15     | XOM: silly message
 25281 | D:15     | XOM: silly message
 25286 | D:15     | XOM: silly message
 25293 | D:15     | XOM: potion effect (heal wounds)
 25380 | D:15     | XOM: silly message
 25583 | D:15     | XOM: silly message
 25588 | D:15     | XOM: potion effect (haste)
 25668 | D:15     | XOM: summons 1 hostile demon
 25714 | D:15     | XOM: give mutations
 25714 | D:15     | Lost mutation: You expend magic power (3 MP) to strengthen
                  | your wands. [Xom's mischief]
 25714 | D:15     | Lost mutation: Your mind is acute. (Int +2) [Xom's
                  | mischief]
 25714 | D:15     | Lost mutation: You are partially covered in molten scales.
                  | (AC +2) [Xom's mischief]
 25992 | D:15     | XOM: enchant monster (bad)
 26052 | D:15     | XOM: summons 7 hostile demons
 26119 | D:15     | Reached skill level 5 in Slings
 26214 | D:15     | XOM: summons 5 hostile demons
 26505 | D:15     | XOM: stat loss: -1 Int (7/8)
 26524 | D:15     | XOM: enchant monster (good)
 27007 | D:14     | Found Vuck's Pet Rocks.
 27031 | D:14     | Bought 6 large rocks for 58 gold pieces
 27088 | D:14     | XOM: noise
 27118 | D:14     | Identified a scroll of acquirement
 27118 | D:14     | Acquired the +5 tower shield "Uros" {rElec rN+ Dex-3 SInv}
 27682 | D:14     | Reached XP level 15. HP: 189/189 MP: 15/15
 28154 | Spider:1 | Entered Level 1 of the Spider Nest
 28187 | Spider:1 | Reached skill level 10 in Shields
 28387 | Spider:1 | XOM: noise
 28394 | Spider:1 | XOM: noise
 28402 | Spider:1 | XOM: smoke on damage
 28403 | Spider:1 | XOM: silly message
 28408 | Spider:1 | XOM: divination: magic mapping
 28414 | Spider:1 | XOM: smoke on damage
 28417 | Spider:1 | HP: 8/189 [emperor scorpion (4)]
 28427 | Spider:1 | HP: 7/189 [demonic crawler (10)]
 28428 | Spider:1 | HP: 1/189 [wolf spider (7)]
 28428 | Spider:1 | Xom revived you
 28429 | Spider:1 | XOM: potion effect (haste)
 28431 | Spider:1 | XOM: divination: magic mapping
 28441 | Spider:1 | XOM: confusion
 28441 | Spider:1 | HP: 6/189 [hornet (7)]
 28442 | Spider:1 | Slain by a demonic crawler

Illustrated notes

Levels and vault maps discovered:
D:1:      heliophobic_arrival_dark_side_of_the_moon, layout_loops_ring
D:2:      layout_basic
D:3:      layout_basic, fedhas_altar_1, uniq_grinder
D:4:      layout_loops_cross, serial_undead, serial_undead_d, serial_undead_a,
          serial_undead_b, serial_undead_f, kennysheep_small_square, uniq_robin
D:5:      layout_basic, nemelex_xobeh_ov_fountains_minmay,
          kennysheep_generic_room_6, uniq_eustachio
D:6:      kennysheep_orc_sif_temple, layout_rooms, serial_shops,
          nicolae_shop_waterfront
D:7:      layout_loops_ring, eat_drink_and_be_merry_uskayaw,
          xom_confusion_cloud, minmay_temple_entry_hall, serial_park_tiny_pond,
          chequers_decorated_corner
D:8:      layout_basic, vehumet_altar_wand_db, grunt_decor_one_mirror,
          uniq_maggie, uniq_pikel, uniq_maurice
D:9:      cheibrodos_shockbox, layout_basic, lemuel_doored_altar,
          due_lair_maze_entry_diamond
D:10:     layout_loops_cross, ploomutoo_gammafunk_ghost_potion_laboratory,
          minivault_7
D:11:     layout_roguey, muffindrake_ghost_dual_entry
D:12:     layout_cave_pools, erik_orc_2
D:13:     layout_basic, david_vaults_4, minmay_misc_feat_rows
D:14:     layout_irregular_city, fountainhead, st_stairs_10, guppyfry_shop_earth
D:15:     gammafunk_depths_entry_grave, layout_basic, minmay_misc_feat_tiny
Lair:1:   layout_layer_cave, beast_lair_carwin_11, infiniplex_staircase_pool,
          grunt_megastairs_3
Lair:2:   beast_lair_carwin_large_2, layout_long_grid,
          chequers_serial_rivers_large_b
Lair:3:   layout_gridlike, nicolae_swamp_entry_splash_gauntlet,
          portal_ice_cave_entry_imps, grunt_megastairs_1
Lair:4:   layout_hall_layers, dummy_spider_entry, gammafunk_ghost_split,
          minivault_23, st_stairs_3, uniq_nessos, uniq_urug
Lair:5:   layout_loops_ring, st_stairs_10, lemuel_fruit_fields
Lair:6:   minmay_lair_end_enchanted_forest, layout_gridlike, slime_altar_1,
          nicolae_lair_grove_arrangements, minmay_hedge_maze
Spider:1: nicolae_spider_corner
Orc:1:    layout_caves
Orc:2:    st_orc_pillars, layout_caves, kennysheep_orc_chapel, uniq_erolcha

Skill      XL: |  1  2  3  4  5  6  7  8  9 10 11 12 13 14 15 |
---------------+----------------------------------------------+-----
Dodging        | 2 3 4 6 7 |  7.6
Fighting       | 3 4 5 6 7 8 11 | 11.4
Unarmed Combat | 4 5 6 7 9 11 | 11.8
Throwing       | 6 9 10 | 10.0
Shields        | 5 8 9 10 | 10.8
Evocations     | 2 |  2.9
Slings         | 7 |  7.1

Action                   |  1- 3 |  4- 6 |  7- 9 | 10-12 | 13-15 || total
-------------------------+-------+-------+-------+-------+-------++-------
Melee: Unarmed           |    99 |    97 |   446 |   730 |   582 ||  1954
       Punch             |       |     3 |    13 |    22 |       ||    38
       Kick              |       |       |       |    55 |   209 ||   264
       Headbutt          |       |       |       |    39 |   127 ||   166
 Fire: Fustibalus        |       |       |       |       |   683 ||   683
Throw: Stone             |    25 |    20 |    33 |    69 |    27 ||   174
       Boomerang         |       |       |       |    43 |       ||    43
       Dart              |       |       |       |    10 |    59 ||    69
       Javelin           |       |       |       |    10 |    12 ||    22
       Large rock        |       |       |       |       |    16 ||    16
       Throwing net      |       |       |       |       |     1 ||     1
Evoke: Wand              |       |       |       |    22 |    50 ||    72
       Phial of floods   |       |       |       |       |     3 ||     3
  Use: Scroll            |       |     5 |    11 |     8 |    17 ||    41
       Potion            |       |       |     1 |    13 |     7 ||    21
 Stab: Sleeping          |       |     1 |       |       |       ||     1
       Invisible         |       |       |       |     1 |       ||     1
       Paralysed         |       |       |       |     1 |       ||     1
       Confused          |       |       |       |       |     2 ||     2
Armor: Robe              |    43 |    39 |   182 |     2 |       ||   266
       Acid dragon scale |       |       |       |   253 |   277 ||   530
       Skin              |       |       |       |    89 |       ||    89
Dodge: Dodged            |    63 |    51 |   289 |   366 |   316 ||  1085
       Repelled          |       |       |       |     7 |     8 ||    15
Block: Kite shield       |       |       |       |   123 |   545 ||   668
       Reflection        |       |       |       |     4 |    43 ||    47
       Tower shield      |       |       |       |       |   314 ||   314

Table legend: (Time is in decaauts)
 A = Elapsed time spent in this place.
 B = Non-inter-level travel time spent in this place.
 C = Inter-level travel time spent in this place.
 D = Time resting spent in this place.
 E = Time spent auto-exploring this place.
 F = Levels seen in this place.
 G = Mean time per level.
                   A        B        C        D        E       F      G
               +--------+--------+--------+--------+--------+-----+--------+
         Total |  28099 |  27111 |    988 |   8236 |  12078 |  24 | 1170.8 |
       Dungeon |  18424 |  17909 |    515 |   5432 |   7976 |  15 | 1228.3 |
          Lair |   6500 |   6123 |    377 |   1924 |   2954 |   6 | 1083.3 |
   Spider Nest |    272 |    272 |      0 |     55 |     32 |   1 |  272.0 |
  Orcish Mines |   2902 |   2806 |     96 |    824 |   1116 |   2 | 1451.0 |
               +--------+--------+--------+--------+--------+-----+--------+

Top non-repeatable levels by time:
     D:8: 2043 daAuts
    D:10: 2036 daAuts
     D:9: 1687 daAuts
   Orc:2: 1656 daAuts
  Lair:1: 1608 daAuts
    D:15: 1546 daAuts
  Lair:4: 1470 daAuts
  Lair:2: 1433 daAuts
   Orc:1: 1245 daAuts
    D:12: 1221 daAuts
     D:6: 1138 daAuts
    D:13: 1115 daAuts
     D:5: 1109 daAuts
  Lair:3: 1058 daAuts
    D:11: 1057 daAuts
